← All builds
Tech / Armada / Economy first / OBSERVED BUILD

Standard tech

Armada Tech (Eco) build order · Supreme Isthmus

Rushes T2 by 4:15, gets Advanced Metal Extractor around 5:28, hands off T2 constructors to Geo and the team, then scales eco and supplies the team's T2 needs through the rest of the game.

Usually first T2 con to Geo (83%)

#eco #t2 #team support · 1579 distinct matches · 255 players · 58% of Armada Tech games · team won 53% of 1874 · Recently observed

HOW TO PLAY IT

Key timing: T2 factory by 4:15

  1. Open 3 mex and heavy wind to fund a fast T2 rush.
  2. Put down Bot Lab, planning to eat it for reclaim soon after.
  3. Get Advanced Bot Lab up, hitting the T2 factory rush timing.
  4. Upgrade mex to Advanced Metal Extractor to lock in team metal income.
  5. Eat Advanced Bot Lab and keep sending cons to Geo and Pond.

Phase by phase

TYPICAL OF ITS 1579 GAMES
  1. 1
  2. 2
  3. 3
  4. 4
PLAY THE OPENING

Follow the example game's first 6:00 step by step: what to build now, what comes next, and where it goes. At 1× it keeps pace with your own game.

  1. 1

    Up to the Bot Lab

    Economy
    • Metal Extractor3Mex
    • Wind Turbine4Wind
    Order
    1. Bot LabBot Lab after 3 mex, 4 winddone ~1:18, middle half 1:13–1:32

    Some games also: energy storage (31%)

    By 1:01 in all: 3 mex · 4 wind

    The example game in this phase · 3 steps
    1. Mex ×3
    2. Wind ×3
    3. Bot LabBot Labdone 1:10 · typical 1:18
  2. 2

    Bot Lab to Advanced Bot Lab

    Economy
    • Metal Extractor1Mex
    • Wind Turbine8Wind
    • Energy Storage1Energy storage
    Order
    1. Advanced Bot LabAdvanced Bot Lab after 4 mex, 12 wind, 3 con turretdone ~4:16, middle half 4:04–4:30
    Builders
    • Construction Turret3 Con turret
    • Lazarus3 Lazarus
    • Construction Bot2 Con bot
    • Construction Bot1 Con bot for allies

    Some games also: converter (36%)

    By 3:18 in all: 4 mex · 12 wind · 1 energy storage · 3 con turret

    The example game in this phase · 11 steps
    1. Wind
    2. LazarusLazarus
    3. Wind
    4. Construction BotCon bot
    5. Wind ×2
    6. Construction BotCon botfor Air
    7. Con turret
    8. Energy storage
    9. LazarusLazarus
    10. Con turret
    11. Advanced Bot LabAdvanced Bot Labdone 4:09 · typical 4:16
  3. 3

    Advanced Bot Lab to 5:00

    Economy
    • Wind Turbine3Wind
    Order
    1. Bot LabEat Bot Lab
    Builders
    • Advanced Construction Bot1 T2 con bot for allies

    Some games also: converter (35%)

    By 5:00 in all: 4 mex · 15 wind · 1 converter · 1 energy storage · 3 con turret

    The example game in this phase · 10 steps
    1. Mex
    2. Wind ×2
    3. Windfor Geo sea
    4. Wind ×2
    5. Bot LabEat Bot Labreclaimed for its metal
    6. Wind
    7. Windfor Geo sea
    8. Advanced Construction BotT2 con botfor Air
    9. Advanced Metal ExtractorT2 mexdone 5:01 · typical 5:29
    10. ButlerButler
  4. 4

    5:00 to 10:00

    Economy
    • Wind Turbine43Wind
    • Energy Converter6Converter
    Builders
    • Butler9 Butler
    • Advanced Construction Bot4 T2 con bot for allies
    • Advanced Construction Bot1 T2 con bot

    Some games also: con turret (43%) · Butler for allies (36%)

    By 10:00 in all: 4 mex · 58 wind · 8 converter · 1 energy storage · 3 con turret

    The example game in this phase · 194 steps
    1. Advanced Construction BotT2 con botfor Geo sea
    2. Wind ×2
    3. Advanced Metal ExtractorT2 mex
    4. Wind ×4
    5. Advanced Metal ExtractorT2 mex
    6. Wind
    7. ButlerButler
    8. Wind ×2
    9. Advanced Construction BotT2 con botfor Beach sea
    10. Wind
    11. Advanced Construction BotT2 con botfor Pond
    12. Wind ×2for Geo sea
    13. ButlerButler
    14. Windfor Geo sea
    15. ButlerButler
    16. Windfor Geo sea
    17. Wind ×2
    18. ButlerButler
    19. Windfor Geo sea
    20. ButlerButler
    21. Wind
    22. Windfor Geo sea
    23. Wind
    24. ButlerButler
    25. Windfor Geo sea
    26. Wind
    27. Windfor Geo sea
    28. Advanced Metal ExtractorT2 mex
    29. ButlerButler
    30. Wind ×10
    31. ButlerButler
    32. Wind ×2
    33. ButlerButler
    34. Wind ×3
    35. Converter
    36. Advanced Construction BotT2 con botfor Front
    37. Wind
    38. Converter
    39. Wind ×2
    40. Converter
    41. Wind
    42. Converter
    43. Wind
    44. ButlerButler
    45. Wind ×2
    46. Converter
    47. Wind
    48. Converter
    49. ButlerButler
    50. Wind
    51. Windfor Geo sea
    52. Wind
    53. Converter
    54. Wind
    55. Converter
    56. Windfor Geo sea
    57. Wind ×2
    58. Windfor Geo sea
    59. Converter
    60. Wind ×2
    61. Converter
    62. ButlerButler
    63. Windfor Geo sea
    64. Wind ×2
    65. ButlerButler
    66. Converter
    67. Wind ×3
    68. Converter
    69. Wind ×4
    70. Converter
    71. Wind
    72. ButlerButler
    73. Wind
    74. Converter
    75. Wind ×3
    76. ButlerButler
    77. Con turret
    78. Converter
    79. Wind
    80. Converter
    81. Wind ×3
    82. Converter
    83. Wind
    84. Converter
    85. Wind
    86. Con turret
    87. Wind
    88. Converter
    89. Wind
    90. Converter
    91. Wind
    92. Converter
    93. Wind
    94. Advanced Construction BotT2 con bot
    95. Con turret
    96. Wind
    97. Converter
    98. Wind
    99. Converter
    100. Wind ×2
    101. Con turret
    102. Converter
    103. Wind ×3
    104. Converter ×2
    105. Con turret
    106. Wind
    107. Converter
    108. Wind ×3
    109. Converter
    110. Wind
    111. Converter
    112. Wind ×2
    113. Converter
    114. Wind
    115. Converter
    116. Wind ×2
    117. Converter
    118. ButlerButler
    119. Wind
    120. Converter
    121. CitadelAnti-nukenot finished by 15:00
    122. Wind
    123. Converter
    124. ButlerButler
    125. Converter
    126. Wind ×2
    127. Converter
    128. Wind ×2
    129. Converter
    130. Wind
    131. Converter ×2
    132. Wind ×2
    133. Converter
    134. Wind
    135. TracerTracer
    136. Wind
    137. Converter ×2
    138. Wind
    139. Converter
    140. Wind ×2
    141. Converter ×2
    142. Advanced Fusion ReactorAdvanced Fusion Reactornot finished by 15:00
    143. Wind ×2
    144. Converter
    145. Wind
    146. Converter ×2
    147. Wind ×2
    148. Converter
    149. Wind
    150. Converter
    151. Wind
    152. Converter
    153. Wind
    154. Converter
    155. Wind
    156. Converter
    157. Wind ×2
    158. Converter
    159. Wind
    160. Converter ×2
    161. Wind ×2
    162. Converter
    163. Wind ×2
    164. Converter
    165. Wind
    166. Converter
    167. Wind
    168. Converter ×2
    169. Wind ×3
    170. Converter ×2
    171. Wind
    172. Converter
    173. Wind ×2
    174. Converter
    175. Wind
    176. Converter
    177. Wind
    178. Converter
    179. Wind
    180. Converter
    181. Wind
    182. Converter
    183. Advanced Bot LabEat Advanced Bot Labreclaimed for its metal
    184. Wind ×2
    185. Converter
    186. Wind
    187. Converter ×2
    188. Wind ×2
    189. Converter
    190. Wind
    191. Converter
    192. Wind
    193. Converter ×2
    194. Wind

Counts are medians over the build's games: half of them build more, half fewer. The example game is Seddow's (31 OS, 08/08/2026); pick another.

Team trades

IN AT LEAST 30% OF ITS GAMES

You hand over

  • Construction Bot1 Con bot to Airfirst at 2:23 · in 84% of games
  • Advanced Construction Bot5 T2 con bot to Air or Geo sea or Pondfirst at 4:50 · in 99% of games
  • Butler2 Butler to Geo sea or Beach sea or Pondfirst at 9:07 · in 42% of games

You get

  • Hercules1 Light transport from Airfirst at 4:01 · in 86% of games

How it plays out

Typical game of this build, running totals by minute

Metal produced

020k40k
0:005:0010:0015:00

metal

Enemy metal destroyed

050100
0:005:0010:0015:00

metal

Own metal lost

050100150
0:005:0010:0015:00

metal

1874 games.

Show as table
ByMetal produced: This buildEnemy metal destroyed: This buildOwn metal lost: This build
1:0038300
2:0091500
3:00165100
4:00314400
5:00484700
6:00580000
7:00722700
8:00906100
9:001117300
10:001350300
11:001624200
12:001965600
13:002344500
14:0027362073
15:003154285130
WHAT THE NUMBERS SAY

Standard Tech play barely fights at all early, instead pouring metal into T2 infrastructure and constructors for the team.

  • + Metal produced hits 31679 by 15:00, by far the highest of any role here.
  • + T2 factory reached in 97% of games by 4:15, fastest and most reliable T2 timing.
  • − Enemy metal destroyed stays at 0 through 10:00, no early offense at all.
  • − Own metal lost also near 0, showing total avoidance of combat risk.
THE EXAMPLE YOU ARE READING

Seddow

30.6 OS · 08/08/2026

Open source match ↗

1 received units
2258 metal received · 25954 energy received

Allied construction assistance is unknown. Timings are observations, not a promise of solo reproducibility.

Typical milestones

Bot Lab1:18Middle 50%: 1:13–1:32 · n=1874
Advanced Bot Lab4:16Middle 50%: 4:04–4:30 · n=1867
Advanced Metal Extractor5:29Middle 50%: 5:05–5:59 · n=1870

Played most by

Amrissa93games of this buildTheGeneraI66games of this buildAdeus57games of this buildEl_Turco56games of this buildKOT_43games of this build
Standard tech · Armada Tech (Eco) build order · BAR Build Atlas